 Dungeon Sprint DCSS version 0.24-a0-250-g6074511092 (webtiles) character file.

Game seed: 6820959657445467287

54 Redear the Fighter (level 8, -16/71 HPs)
             Began as a Demonspawn Fighter on Apr 15, 2019.
             Was an Elder of Makhleb.
             Killed from afar by a steam dragon (18 damage)
             ... with a ball of steam
             ... in the Dungeon (Sprint VI: "Thunderdome").
             The game lasted 00:04:08 (393 turns).

Redear the Fighter (Demonspawn Fighter)              Turns: 393, Time: 00:04:08

Health: -16/71     AC:  6    Str: 15    XL:     8   Next: 19%
Magic:  23/23      EV: 13    Int: 11    God:    Makhleb [****..]
Gold:   5          SH: 11    Dex: 20    Spells: 7/7 levels left

rFire    . . .     SeeInvis .     - Unarmed
rCold    + + .     Gourm    .   b - +0 shield
rNeg     + . .     Faith    .   a - +0 scale mail
rPois    .         Spirit   .   (helmet restricted)
rElec    .         Reflect  .   (no cloak)
rCorr    +         Harm     .   (no gloves)
MR       .....     NoTele   +   (no boots)
Stlth    +.........             j - amulet "Kaytuuvvur" {RegenMP Dex+5 Slay+2}
HPRegen  0.21/turn              g - ring "Rood Xug" {rCorr *Contam rC++ Dex-5 Slay+5}
MPRegen  0.43/turn              k - ring "Fick" {rN+ MP+9 Str-3 Int+2 Dex+4}

@: very slightly contaminated
A: antennae 1, thin skeletal structure 1, powered by pain 1, rot immunity
a: Minor Destruction, Lesser Servant of Makhleb, Major Destruction, Renounce
Religion


You were in the Dungeon.
You worshipped Makhleb.
Makhleb was greatly pleased with you.
You were not hungry.

You visited 1 branch You collected 280 gold pieces.
You spent 275 gold pieces at shops.

Inventory:

Armour
 a - a +0 scale mail (worn)
 b - a +0 shield (worn)
Jewellery
 g - the ring "Rood Xug" (left hand) {rCorr *Contam rC++ Dex-5 Slay+5}
   (You bought it in a shop in the Dungeon)

   [ring of resist corrosion]

   It affects your dexterity (-5).
   It affects your accuracy and damage with ranged weapons and melee attacks
   (+5).
   It greatly protects you from cold.
   It causes magical contamination when unequipped.
 j - the amulet "Kaytuuvvur" (around neck) {RegenMP Dex+5 Slay+2}
   (You bought it in a shop in the Dungeon)

   [amulet of magic regeneration]

   It increases your magic regeneration.
   It affects your dexterity (+5).
   It affects your accuracy and damage with ranged weapons and melee attacks
   (+2).
 k - the ring "Fick" (right hand) {rN+ MP+9 Str-3 Int+2 Dex+4}
   (You bought it in a shop in the Dungeon)

   [ring of positive energy]

   It affects your strength (-3).
   It affects your intelligence (+2).
   It affects your dexterity (+4).
   It protects you from negative energy.
   It affects your magic capacity (+9).
Wands
 I - a wand of iceblast (3)
Scrolls
 e - 3 scrolls of fog
 B - 3 scrolls of blinking {@r4}
Potions
 c - a potion of might {Str+5 DMG+1d10 | @q3}
 d - a potion of resistance {rF+ rC+ rPois rElec rCorr}
 h - 2 potions of magic
 i - a potion of berserk rage
 H - 4 potions of haste {@q5}
Comestibles
 z - a ration


   Skills:
 + Level 9.1 Fighting
 - Level 2.6 Armour
 + Level 7.7 Dodging
 + Level 8.3 Shields
 + Level 8.0 Unarmed Combat
 + Level 8.4 Invocations


You had 7 spell levels left.
You didn't know any spells.
Your spell library contained the following spells:

 Spells                   Type           Power        Failure   Level  Hunger
 Magic Dart               Conj           #...         97%         1    ##.....
 Blink                    Tloc           N/A          99%         2    ###....
 Call Imp                 Summ           #.......     99%         2    ###....
 Slow                     Hex            #.......     99%         2    ###....
 Conjure Flame            Conj/Fire      #.......     100%        3    ####...
 Mephitic Cloud           Conj/Pois/Air  #.......     100%        3    ####...


Dungeon Overview and Level Annotations

Branches:
Dungeon (1/1)

Altars:
Cheibriados
Dithmenos
Fedhas
Gozag
Kikubaaqudgha
Makhleb
Okawaru
Qazlal
Ru
Sif Muna
Trog
Uskayaw
Vehumet
Wu Jian
Xom
Yredelemnul
Zin
The Shining One
Beogh
Jiyva
Lugonu

Shops:
D *[%??*?*:[((!!!!


Innate Abilities, Weirdness & Mutations

You have a pair of small antennae on your head.
You have a somewhat thin skeletal structure. (Dex +2, Stealth)
You sometimes gain a little power by taking damage.
You are immune to rotting.


Message History

+0 steam dragon scales; a steam dragon corpse Unknown command.
The steam dragon breathes steam at you. The ball of steam hits you!!
* * * LOW HITPOINT WARNING * * *
You take 18 damage, and have 1/71 hp.
MASSIVE DAMAGE!!
Okay, then.
Blink to where?
Press: ? - help, Dir - move target cursor You are very lightly contaminated with residual magic.
As you read the scroll of blinking {@r4}, it crumbles to dust.
Okay, then.
Okay, then.
There is a radiant altar of Vehumet here.
There is an iron altar of Okawaru here.
Unknown command.
Press < or > to pray at altars.
The steam dragon breathes steam at you. The ball of steam hits you!!
You die...

_......###.......__∩##
.....8.# #.8....)...∩###
.......###.............##
....###...###..........⌠#
....# #.<.# #..........⌠#
....###..†###.........)⌠#
.......###[§...........##
.....8.# #§8........∩###
_......###..D.§§@__∩##
##.8.†...§...8.######
#⌠.....§.§...⌠#
###.Y.D)§...###
#_......._# #_......._#
#_......._# #∩.Y.....∩#
##∩.....∩##


There were no monsters in sight!

Vanquished Creatures
  Sigmund (D)
  An air elemental (D)
  A steam dragon (D)
  3 water moccasins (D)
  2 sky beasts (D)
  An ogre (D)
  Jessica (D)
  2 adders (D)
  An orc (D)
  A ball python (D)
  A kobold (D)
15 creatures vanquished.

Vanquished Creatures (others)
  An insubstantial wisp (D)
1 creature vanquished.

Grand Total: 16 creatures vanquished

Notes
Turn   | Place    | Note
-------+----------+-------------------------------------------
     0 | D        | Redear the Demonspawn Fighter began the quest for the Orb.
     0 | D        | Reached XP level 1. HP: 18/18 MP: 1/1
     1 | D        | Found a basalt altar of Yredelemnul.
     2 | D        | Found an opulent altar of Gozag.
     2 | D        | Found a sacrificial altar of Ru.
     3 | D        | Found an ornate altar of the Wu Jian Council.
     3 | D        | Found a radiant altar of Vehumet.
     4 | D        | Found Dif Bol's Distillery.
     4 | D        | Found a glowing silver altar of Zin.
     4 | D        | Found an iron altar of Okawaru.
     4 | D        | Found Yteatsie's Do-It-Yourself Clinic.
     5 | D        | Found Redeolixef's Distillery.
     5 | D        | Found Jadwinla's Staff Store.
     5 | D        | Found Upnuiken's Bottled Wisdom.
     5 | D        | Round 1.
     6 | D        | Found Hionemuck's Must-Have Magic.
     6 | D        | Found Gaivafay's Magic Scroll Shop.
     7 | D        | Found a snail-covered altar of Cheibriados.
     7 | D        | Found a glowing golden altar of the Shining One.
     7 | D        | Found a burning altar of Makhleb.
     7 | D        | Found Gutiohina's Magic Scroll Shop.
    11 | D        | Found a blossoming altar of Fedhas.
    12 | D        | Found a roughly hewn altar of Beogh.
    16 | D        | Became a worshipper of Makhleb the Destroyer
    17 | D        | Noticed Sigmund
    25 | D        | Killed Sigmund
    25 | D        | Reached skill level 6 in Fighting
    25 | D        | Reached skill level 4 in Dodging
    25 | D        | Reached skill level 5 in Shields
    25 | D        | Reached skill level 5 in Unarmed Combat
    25 | D        | Gained mutation: You have a somewhat thin skeletal
                  | structure. (Dex +2, Stealth) [demonic ancestry]
    25 | D        | Reached XP level 2. HP: 28/28 MP: 2/2
    25 | D        | Reached XP level 3. HP: 34/34 MP: 3/3
    25 | D        | Reached XP level 4. HP: 40/40 MP: 4/4
    25 | D        | Gained mutation: You are immune to rotting. [demonic
                  | ancestry]
    25 | D        | Reached XP level 5. HP: 46/46 MP: 5/5
    31 | D        | Found Deekludghoa's Delicious Food.
    31 | D        | Found a viscous altar of Jiyva.
    31 | D        | Found a stormy altar of Qazlal.
    31 | D        | Found a deep blue altar of Sif Muna.
    31 | D        | Found Magg's Identification Station.
    32 | D        | Found Xish's Jewellery.
    32 | D        | Found Acestril's Advanced Armour.
    40 | D        | Bought a clouded amber ring for 45 gold pieces
    40 | D        | Bought an ancient ruby amulet for 45 gold pieces
    40 | D        | Bought a scintillating wooden ring for 45 gold pieces
    40 | D        | Identified the amulet "Kaytuuvvur" {RegenMP Dex+5 Slay+2}
                  | (You bought it in a shop in the Dungeon)
    41 | D        | Identified the ring "Rood Xug" {rCorr *Contam rC++ Dex-5
                  | Slay+5} (You bought it in a shop in the Dungeon)
    42 | D        | Identified the ring "Fick" {rN+ MP+9 Str-3 Int+2 Dex+4}
                  | (You bought it in a shop in the Dungeon)
    46 | D        | Found a bloodstained altar of Trog.
    50 | D        | Found a hide-covered altar of Uskayaw.
    50 | D        | Found a shimmering altar of Xom.
    52 | D        | Found Fialom's Premium Goods.
    53 | D        | Found a shadowy altar of Dithmenos.
    53 | D        | Found an ancient bone altar of Kikubaaqudgha.
    53 | D        | Found a corrupted altar of Lugonu.
    53 | D        | Found Ypletea's Weapon Rack.
    53 | D        | Found Dounkerr's Miscellaneous Merchandise.
    53 | D        | Found Tidaeh's Basic Armour.
    76 | D        | Reached * piety under Makhleb
    89 | D        | Noticed an ogre
    96 | D        | Noticed Jessica
    99 | D        | Killed an ogre
    99 | D        | Reached skill level 5 in Dodging
    99 | D        | Reached skill level 6 in Shields
    99 | D        | Reached skill level 3 in Invocations
   102 | D        | Killed Jessica
   102 | D        | Arena points: 12 (+12) [x2]
   102 | D        | Gained mutation: You sometimes gain a little power by
                  | taking damage. [demonic ancestry]
   102 | D        | Reached XP level 6. HP: 30/53 MP: 8/8
   142 | D        | Round 2.
   146 | D        | Reached ** piety under Makhleb
   155 | D        | Reached skill level 6 in Unarmed Combat
   175 | D        | Noticed a water moccasin
   181 | D        | Killed a water moccasin
   181 | D        | Reached skill level 7 in Fighting
   181 | D        | Reached skill level 6 in Dodging
   181 | D        | Reached skill level 5 in Invocations
   191 | D        | Noticed a water moccasin
   201 | D        | Killed a water moccasin
   201 | D        | Reached *** piety under Makhleb
   201 | D        | Reached skill level 7 in Shields
   201 | D        | Reached XP level 7. HP: 41/61 MP: 11/11
   230 | D        | Arena points: 54 (+42) [x3]
   230 | D        | Reached skill level 8 in Fighting
   230 | D        | Reached skill level 7 in Unarmed Combat
   230 | D        | Reached skill level 6 in Invocations
   275 | D        | Bought a book of Minor Magic for 140 gold pieces
   279 | D        | Round 3.
   304 | D        | Noticed an air elemental
   307 | D        | HP: 4/62 [air elemental/tornado (9)]
   315 | D        | Killed an air elemental
   315 | D        | Reached skill level 7 in Dodging
   315 | D        | Reached skill level 7 in Invocations
   332 | D        | Noticed a steam dragon
   370 | D        | Killed a steam dragon
   370 | D        | Reached skill level 8 in Shields
   370 | D        | Gained mutation: You have a pair of small antennae on your
                  | head. [demonic ancestry]
   370 | D        | Reached XP level 8. HP: 38/70 MP: 13/13
   382 | D        | Reached **** piety under Makhleb
   382 | D        | Reached skill level 8 in Invocations
   385 | D        | Reached skill level 9 in Fighting
   385 | D        | Reached skill level 8 in Unarmed Combat
   388 | D        | HP: 1/71 [something/ball of steam (18)]
   393 | D        | Killed from afar by a steam dragon

Levels and vault maps discovered:
D:        arena_sprint

Skill      XL: |  1  2  3  4  5  6  7  8 |
---------------+-------------------------+-----
Fighting       | 6 7 8 9 |  9.1
Dodging        | 4 5 6 7 |  7.7
Shields        | 5 6 7 8 |  8.3
Unarmed Combat | 5 6 7 8 |  8.0
Invocations    | 3 5 7 8 |  8.4
Armour         | |  2.6

Action                   |  1- 3 |  4- 6 |  7- 9 || total
-------------------------+-------+-------+-------++-------
Melee: Unarmed           |       |    33 |    37 ||    70
Evoke: Wand              |     6 |     1 |       ||     7
  Use: Potion            |       |       |     5 ||     5
       Scroll            |       |       |     1 ||     1
Armor: Scale mail        |     1 |    10 |    14 ||    25
Dodge: Dodged            |       |     7 |    18 ||    25
Block: Shield            |       |    14 |    21 ||    35

Table legend:
 A = Non-vault XP
 B = Vault XP
 C = Vault XP percentage of total XP
 D = Non-vault monster count
 E = Vault monster count
 F = Vault count percentage of total count
                 A         B        C        D         E       F
            +---------+---------+-------+---------+---------+-------
      Total |    1691 |       0 |   0.0 |      16 |       0 |   0.0
            +---------+---------+-------+---------+---------+-------
          D |    1691 |       0 |   0.0 |      16 |       0 |   0.0
            +---------+---------+-------+---------+---------+-------
